 Dungeon Crawl Stone Soup version 0.29-a0-561-ga02bf68b3c (webtiles) character file.

Game seed: 14035757511146306099

296 KristoblXynda the Slasher (level 6, -1/56 HPs)
             Began as a Naga Berserker on June 11, 2022.
             Was a Believer of Trog.
             Slain by a gnoll
             ... wielding a +0 flail
             ... led by a gnoll sergeant
              (8 damage)
             ... on level 5 of the Dungeon.
             The game lasted 00:03:59 (3725 turns).

KristoblXynda the Slasher (Naga Berserker)          Turns: 3725, Time: 00:04:00

Health: -1/56      AC:  8    Str: 27    XL:     6   Next: 34%
Magic:  6/6        EV:  9    Int:  8    God:    Trog [**....]
Gold:   170        SH:  0    Dex: 10    Spells: 5/5 levels left

rFire   + . .      SeeInvis +   a - +0 falchion
rCold   . . .      Faith    .   (no shield)
rNeg    + . .      Spirit   .   g - +1 ring mail {rF+}
rPois   +          Reflect  .   (no helmet)
rElec   .          Harm     .   (no cloak)
rCorr   .          Rampage  .   h - +1 pair of gloves of Dica {Drain Str+6}
Will    .....                   (no barding)
Stlth   +.........              b - amulet of the acrobat
HPRegen 0.18/turn               s - ring of positive energy
MPRegen 0.10/turn               (no ring)

@: brilliant, weak-willed, very slow
A: AC +2, large, see invisible, deformed body, poison resistance, slowness 2,
spit poison 1, naga tail 1
a: Spit Poison, Renounce Religion, Berserk, Trog's Hand


You were on level 5 of the Dungeon.
You worshipped Trog.
Trog was pleased with you.
You visited 1 branch of the dungeon, and saw 5 of its levels.

You collected 170 gold pieces.

Inventory:

Hand Weapons
 a - a +0 falchion (weapon)
Armour
 c - a +0 buckler
 g - a +1 ring mail of fire resistance (worn)
 h - the +1 pair of gloves of Dica (worn) {Drain Str+6}
   (You found it on level 2 of the Dungeon)

   Str:       It affects your strength (+6).
   Drain:     It drains your maximum health when unequipped.
Jewellery
 b - an amulet of the acrobat (around neck)
 s - a ring of positive energy (left hand)
Wands
 n - a wand of acid (9)
Scrolls
 e - a scroll of poison
 q - a scroll of vulnerability
Potions
 d - 2 potions of attraction
 i - a potion of curing {unknown}
 j - a potion of degeneration {unknown}
 k - a potion of flight {unknown}
 o - 2 potions of cancellation


   Skills:
 - Level 3.0 Fighting
 * Level 5.5 Long Blades
 + Level 2.8 Armour
 + Level 2.6 Dodging
 - Level 1.0 Stealth


You had 5 spell levels left.
You didn't know any spells.
Your spell library contained the following spells:

 Spells                   Type           Power      Damage    Failure   Level
 Foxfire                  Conj/Fire      0%         2x1d4     54%         1
 Ensorcelled Hibernation  Hex/Ice        0%         N/A       67%         2
 Sublimation of Blood     Necr           0%         N/A       67%         2
 Ozocubu's Armour         Ice            0%         N/A       88%         3
 Spider Form              Tmut/Pois      0%         N/A       88%         3
 Anguish                  Hex/Necr       0%         N/A       99%         4
 Flame Wave               Conj/Fire      0%         2d4       99%         4
 Petrify                  Tmut/Erth      0%         N/A       99%         4
 Irradiate                Conj/Tmut      0%         3d13      100%        5
 Metabolic Englaciation   Hex/Ice        0%         N/A       100%        5
 Iron Shot                Conj/Erth      0%         9d1       100%        6
 Simulacrum               Ice/Necr       0%         N/A       100%        6
 Ozocubu's Refrigeration  Ice            0%         4d5       100%        7


Dungeon Overview and Level Annotations

Branches:
Dungeon (5/15)
 Temple: D:4-7

Altars:
Kikubaaqudgha


Innate Abilities, Weirdness & Mutations

Your serpentine skin is tough. (AC +2)
You have supernaturally acute eyesight. (SInv)
Armour fits poorly on your strangely shaped body.
Your system is resistant to poisons. (rPois)
You cover ground very slowly.
You can spit poison.
You have a snake-like lower body.


Message History

Unknown command.
The air fills with toxic fumes!
As you read the scroll labelled PEUKO FOUR IHA, it crumbles to dust.
It was a scroll of poison.
The iguana bites you! The gnoll hits you but does no damage.
Unknown command.
You hit the gnoll.
The gnoll is moderately wounded.
The gnoll completely misses you. The iguana barely misses you.
You barely miss the gnoll.
The gnoll is moderately wounded.
The iguana barely misses you. The gnoll barely misses you.
Blink to where?
Press: ? - help, Dir - move target A black bear and 2 gnolls come into view.
As you read the scroll labelled OSCHAME MUTSU, it crumbles to dust.
It was a scroll of blinking.
The gnoll shouts!
The black bear growls angrily.
The gnoll shouts!
The gnoll barely misses you. x2; The gnoll hits you with a +0 whip.
The adder barely misses you.
As you read the scroll labelled SAQEAQ HYEJEMM, it crumbles to dust.
The scroll dissolves into smoke.
It was a scroll of fog.
The gnoll hits you with a +0 flail.
* * * LOW HITPOINT WARNING * * *
The gnoll hits you from afar with a +0 spear.
* * * LOW HITPOINT WARNING * * *
The gnoll hits you but does no damage. The gnoll barely misses you.
The adder bites you but does no damage.
Unknown command.
As you read the scroll labelled JUQEID FYUHO, it crumbles to dust.
You feel aware of your surroundings.
You sensed 4 altars.
It was a scroll of magic mapping.
The gnoll hits you with a +0 whip.
* * * LOW HITPOINT WARNING * * *
The gnoll hits you but does no damage. The gnoll misses you. x2
The adder bites you but does no damage.
Unknown command.
It was a potion of brilliance.
You feel clever all of a sudden. The adder bites you but does no damage.
The gnoll hits you with a +0 flail!
You die...

*************###
#,,,,,,,,,,,,..#
#.***********#.#
********###.######## #.#
,,,,,,,*#..........# #)#
******,*#.......§☼§#####.#
*,,,,,......§§§☼☼.....S#
*,**,*#.....§g@§h#####.#######*
*,**,,......gSgg§# #<........,
*,***,##.#.#h#h### #.......##*
*,,,,,*,*##gh#l# #..####.#
*******,##.#g###g# #..# *,#
,,,,,,,,....g5.§.# #..# *,*
********##########****#..#***,*
*,,,,,* *,,,....,,,,* *,***,*
*,**#..#*****


You could see 2 black bears, a hound (weak-willed), 4 gnolls and an adder
(weak-willed).

Vanquished Creatures
  A water moccasin (D:5)
  A hound (D:4)
  An iguana (D:5)
  7 adders
  2 worms
  A dart slug (D:3)
  2 orcs
  5 endoplasms
  A giant cockroach (D:3)
  5 goblins
  7 hobgoblins
  7 jackals
  4 kobolds
  3 quokkas
  4 ball pythons
  2 bats
  4 frilled lizards
  5 rats
62 creatures vanquished.

Vanquished Creatures (others)
  A human (D:3)
1 creature vanquished.

Grand Total: 63 creatures vanquished

Notes
Turn   | Place    | Note
-------+----------+-------------------------------------------
     0 | D:1      | KristoblXynda the Naga Berserker began the quest for the
                  | Orb.
     0 | D:1      | Reached XP level 1. HP: 21/21 MP: 1/1
   218 | D:1      | Reached XP level 2. HP: 9/28 MP: 2/2
  1439 | D:2      | Found a faded altar of an unknown god.
  1553 | D:2      | Reached XP level 3. HP: 33/34 MP: 3/3
  1563 | D:2      | Reached skill level 4 in Long Blades
  1649 | D:2      | Reached ** piety under Trog
  2062 | D:2      | Identified the +1 pair of gloves of Dica {Drain Str+6}
  2230 | D:2      | Reached skill level 1 in Stealth
  2230 | D:2      | Reached XP level 4. HP: 42/42 MP: 4/4
  2827 | D:3      | Found an ancient bone altar of Kikubaaqudgha.
  2845 | D:3      | Noticed a human
  2845 | D:3      | Killed a human
  2911 | D:3      | Got the Handbook of the Blaze and the Rocks
  3195 | D:4      | Reached XP level 5. HP: 27/49 MP: 5/5
  3646 | D:5      | Entered Level 5 of the Dungeon
  3670 | D:5      | Reached skill level 5 in Long Blades
  3672 | D:5      | Noticed a water moccasin
  3700 | D:5      | Killed a water moccasin
  3701 | D:5      | Reached XP level 6. HP: 26/56 MP: 6/6
  3703 | D:5      | Noticed a black bear
  3722 | D:5      | Noticed a black bear
  3725 | D:5      | Slain by a gnoll

Illustrated notes

Levels and vault maps discovered:
D:1:      sevenhm_arrival_forest_fort_large_4, layout_basic
D:2:      minmay_diamond_boxcup, layout_basic, chequers_ecumenical_altar_lobes,
          minmay_tromino_v2
D:3:      layout_rooms, tgw_kikubaaqudgha
D:4:      nicolae_cairo_tiling_large, layout_rooms
D:5:      layout_loops_ring, nicolae_overflow_hidden_temple, feat_on_display

Skill      XL: |  1  2  3  4  5 |
---------------+----------------+-----
Long Blades    | 4 5 |  5.5
Armour         | 2 |  2.8
Stealth        | 1 |  1.0
Dodging        | 2 |  2.6
Fighting       | |  3.0

Action                   |  1- 3 |  4- 6 || total
-------------------------+-------+-------++-------
Melee: Falchion          |   140 |   152 ||   292
Invok: Berserk           |     2 |     1 ||     3
       Trog's Hand       |       |     1 ||     1
 Abil: Spit Poison       |       |     1 ||     1
  Use: Scroll            |       |     7 ||     7
       Potion            |       |     3 ||     3
Armor: Ring mail         |    46 |    71 ||   117
Dodge: Dodged            |   102 |   108 ||   210

Table legend: (Time is in decaauts)
 A = Elapsed time spent in this place.
 B = Non-inter-level travel time spent in this place.
 C = Inter-level travel time spent in this place.
 D = Time resting spent in this place.
 E = Time spent auto-exploring this place.
 F = Levels seen in this place.
 G = Mean time per level.
                   A        B        C        D        E       F      G
               +--------+--------+--------+--------+--------+-----+--------+
         Total |   4603 |   4405 |    198 |    411 |   3309 |   5 |  920.6 |
       Dungeon |   4603 |   4405 |    198 |    411 |   3309 |   5 |  920.6 |
               +--------+--------+--------+--------+--------+-----+--------+

Top non-repeatable levels by time:
     D:2: 1575 daAuts
     D:1: 1346 daAuts
     D:3: 834 daAuts
     D:4: 752 daAuts
     D:5: 93 daAuts
